 Dungeon Crawl Stone Soup version bcrawl-1.18.1 (webtiles) character file.

Game seed: 7861092369537325415

82 JackS81 the Cudgeler (level 4, -8/48 HPs)
             Began as an Ogre Reaver on Nov 9, 2019.
             Was a Follower of Vehumet.
             Killed from afar by an orc wizard (13 damage)
             ... with a puff of flame
             ... on level 1 of the Dungeon.
             The game lasted 00:05:32 (1218 turns).

JackS81 the Cudgeler (Ogre Reaver)                  Turns: 1218, Time: 00:05:32

Health: -8/48      AC:  7    Str: 15    XL:     4   Next: 43%
Magic:  7/7        EV: 10    Int: 15    God:    Vehumet [*.....]
Gold:   130        SH:  0    Dex:  8    Spells: 6/7 levels left

rFire    . . .     SeeInvis .   a - +0 flail
rCold    . . .     Gourm    .   (no shield)
rNeg     . . .     Faith    .   b - +0 steam dragon scales
rPois    .         Spirit   .   r - +1 hat
rElec    .         Reflect  .   (no cloak)
rCorr    .         Harm     .   (gloves unavailable)
MR       .....                  (boots unavailable)
Stlth    +.........             (no amulet)
HPRegen  0.16/turn              (no ring)
MPRegen  0.10/turn              (no ring)

@: no status effects
A: large, unfitting armour, tough skin 1
a: Renounce Religion


You were on level 1 of the Dungeon.
You worshipped Vehumet.
Vehumet was aware of your devotion.
You were not hungry.

You visited 1 branch of the dungeon, and saw 2 of its levels.

You collected 130 gold pieces.

Inventory:

Hand Weapons
 a - a +0 flail (weapon)
Missiles
 g - 275 arrows
 h - 408 stones (quivered)
 j - 219 poisoned needles
 p - 55 tomahawks
Armour
 b - +0 steam dragon scales (worn)
 k - a +0 shield
 r - a +1 hat (worn)
Scrolls
 d - a scroll of immolation
 e - 3 scrolls of identify {unknown}
 l - a scroll of magic mapping {unknown}
 m - a scroll of remove curse {unknown}
Potions
 c - 2 potions of haste
 i - a potion of curing {unknown}
 o - a potion of berserk rage {unknown}
 q - a potion of heal wounds {unknown}
Comestibles
 f - 4 rations {!d}
 n - 6 chunks of flesh


   Skills:
 - Level 4.0 Fighting
 * Level 6.2 Maces & Flails
 - Level 2.6 Dodging
 - Level 2.4 Spellcasting


You had 6 spell levels left.
You knew the following spells:

 Your Spells              Type           Power        Failure   Level  Hunger
a - Freeze                Ice            #.....       6%          1    #......

Your spell library contained the following spells:

 Spells                   Type           Power        Failure   Level  Hunger
 Iskenderun's Battlesphe  Conj/Chrm      #.......     78%         5    ######.


Dungeon Overview and Level Annotations

Branches:
Dungeon (2/12)

Altars:
Elyvilon
Gozag
Makhleb
Okawaru
Xom


Innate Abilities, Weirdness & Mutations

You are too large for most types of armour.
You have tough skin. (AC +1)


Message History

a +0 whip; an orc corpse You closely miss something.
You hear some strange, mumbled words.
A magic dart appears from out of thin air!
The magic dart hits you!
* * * LOW HITPOINT WARNING * * *
Something hits you.
* * * LOW HITPOINT WARNING * * *
You miss something. Something hits you.
* * * LOW HITPOINT WARNING * * *
You barely miss something. Something hits you.
* * * LOW HITPOINT WARNING * * *
You hit something. Something hits you but does no damage.
You closely miss something. Something hits you.
* * * LOW HITPOINT WARNING * * *
You closely miss something.
You hear some strange, mumbled words.
A puff of flame appears from out of thin air!
The puff of flame hits you!
You die...

######### ##### #.......#
######### #####...# #.......#
#........ ...##...# #.......#
#........
....#...#####..>....#####........
.##............{@................
.##.#....#.............##........
........................#...รท...)
........................#........
.............................)...
.##..............................
.####...................#........
## #...................##.....## #
#...................##.....#


There were no monsters in sight!

Vanquished Creatures
  An orc wizard (D:2)
  A leopard gecko (D:2)
  7 orcs
  A ball python (D:1)
  A giant cockroach (D:1)
  6 hobgoblins
  4 kobolds (D:1)
  2 quokkas (D:2)
  6 bats
  A frilled lizard (D:1)
  6 goblins
  6 rats
42 creatures vanquished.

Notes
Turn   | Place    | Note
-------+----------+-------------------------------------------
     0 | D:1      | JackS81 the Ogre Reaver began the quest for the Orb.
     0 | D:1      | Reached XP level 1. HP: 24/24 MP: 3/3
    72 | D:1      | Reached skill level 4 in Maces & Flails
   100 | D:1      | Reached XP level 2. HP: 23/32 MP: 5/5
   702 | D:2      | Reached * piety under Vehumet
   702 | D:2      | Offered knowledge of Freeze by Vehumet.
   702 | D:2      | Reached skill level 5 in Maces & Flails
   702 | D:2      | Reached XP level 3. HP: 39/39 MP: 6/6
   705 | D:2      | Learned a level 1 spell: Freeze
   868 | D:2      | Reached XP level 4. HP: 42/48 MP: 7/7
   874 | D:2      | Reached skill level 6 in Maces & Flails
  1165 | D:2      | Found an iron altar of Okawaru.
  1166 | D:2      | Found a shimmering altar of Xom.
  1166 | D:2      | Found a white marble altar of Elyvilon.
  1168 | D:2      | Found a burning altar of Makhleb.
  1178 | D:2      | Found an opulent altar of Gozag.
  1218 | D:1      | Killed from afar by an orc wizard

Skill      XL: |  1  2  3  4 |
---------------+-------------+-----
Maces & Flails | 4 5 6 |  6.2
Fighting       | |  4.0
Dodging        | |  2.6
Spellcasting   | |  2.4

Action                   |  1- 3 |  4- 6 || total
-------------------------+-------+-------++-------
Melee: Flail             |   146 |    47 ||   193
 Cast: Freeze            |       |     1 ||     1
  Eat: Chunk             |       |     1 ||     1
Armor: Steam dragon scal |   103 |    24 ||   127
Dodge: Dodged            |   109 |    17 ||   126
